AoeStats
← Evan Mason

Arena

508628196Analyzed
4v4 RM · 10d ago on Sep 23, 2026· 135m 24s· 8 players
Game mode
Random Map
Map size
Large (8 player)
Population
200
Speed
Normal
Resources
Standard
Victory
Conquest
Starting age
Dark Age
Ending age
Imperial Age
RankedLock teamsTeams togetherTeam positionsShared explorationLock speedFull tech treeHidden civsTurbo modeCheats
Victory
Defeat
🇮🇳 Spanish · India
655
+10
🇦🇷 Georgians · Argentina
648
+10
🇨🇳 Bohemians · China
569
+13
🇨🇳 Wei · China
356
+23
🇨🇳 Huns · China
553
-16
🇨🇳 Maya · China
510
-14
🇨🇳 Burgundians · China
493
-13
🇵🇹 Dravidians · Portugal
488
-13
LAI32
7:35 Wheelbarrow
7:45 Wheelbarrow
12:58 Feudal Age
13:33 Double-Bit Axe
13:30 Horse Collar
20:40 Castle Age
23:37 Hand Cart
23:34 Bow Saw
23:27 Heavy Plow
26:37 Two-Man Saw
27:27 Crop Rotation
31:05 Burgundian Vineyards
31:44 Forging
31:41 Scale Barding Armor
31:38 Scale Mail Armor
32:39 Arson
33:15 Gold Mining
33:17 Stone Mining
37:05 Imperial Age
40:25 Elite Coustillier
41:29 Conscription
44:14 Caravan
46:19 Iron Casting
46:00 Chain Mail Armor
46:06 Chain Barding Armor
49:05 Pikeman
49:46 Squires
52:12 Blast Furnace
51:43 Plate Mail Armor
51:49 Plate Barding Armor
50:40 Halberdier
58:01 Chemistry
57:22 Ballistics
74:20 Bombard Tower
77:17 Man-at-Arms
78:05 Padded Archer Armor
77:56 Fletching
79:35 Long Swordsman
83:11 Coinage
83:02 Two-Handed Swordsman
85:17 Champion
90:51 Guilds
108:40 Masonry
ӄǟʋǟ
10:44 Feudal Age
11:47 Horse Collar
12:01 Double-Bit Axe
16:20 Gold Mining
16:21 Stone Mining
16:53 Stone Mining
23:52 Castle Age
26:59 Pikeman
27:40 Squires
44:44 Arson
50:26 Imperial Age
50:03 Bow Saw
52:17 Loom
53:08 Wheelbarrow
52:18 Town Watch
52:12 Halberdier
54:27 Elite Elephant Archer
69:23 Hand Cart
69:08 Town Patrol
70:14 Two-Man Saw
76:02 Heavy Scorpion
100:50 Heavy Plow
100:54 Town Patrol
108:54 Siege Elephant
bluetiger74
0:56 Loom
14:03 Feudal Age
14:30 Double-Bit Axe
14:28 Horse Collar
16:01 Town Watch
16:40 Stone Mining
16:55 Gold Mining
18:38 Wheelbarrow
26:04 Castle Age
28:10 Stone Shaft Mining
27:54 Bow Saw
28:01 Heavy Plow
27:53 Elite Skirmisher
27:55 Pikeman
27:56 Eagle Warrior
29:16 Crossbowman
33:41 Hul'che Javelineers
33:52 Thumb Ring
35:20 Murder Holes
47:01 Imperial Age
46:22 Town Patrol
46:37 Hand Cart
46:27 Padded Archer Armor
46:18 Fletching
46:30 Scale Mail Armor
46:41 Forging
46:56 Ballistics
46:47 Fortified Wall
46:28 Heated Shot
48:20 Conscription
53:53 Two-Man Saw
52:42 Treadmill Crane
53:33 Halberdier
57:45 Holcans
60:55 Elite Eagle Warrior
62:38 Crop Rotation
63:30 Sappers
67:44 Elite Plumed Archer
71:23 Hoardings
74:15 Heavy Scorpion
77:03 Hoardings
80:29 Chemistry
93:36 Capped Ram
93:38 Onager
107:20 Squires
117:36 Arbalester
1143516068
13:17 Feudal Age
13:51 Horse Collar
13:59 Double-Bit Axe
22:34 Castle Age
21:29 Town Watch
22:21 Wheelbarrow
23:54 Bow Saw
23:47 Heavy Plow
24:20 Stone Mining
24:23 Gold Mining
31:14 Gold Shaft Mining
33:58 Imperial Age
37:47 Pikeman
41:34 Cavalier
51:04 Husbandry
52:43 Hand Cart
56:16 Elite Skirmisher
59:28 Elite Tarkan
63:53 Halberdier
64:46 Paladin
Lucasavend
0:34 Loom
13:45 Feudal Age
16:31 Wheelbarrow
15:43 Town Watch
15:49 Double-Bit Axe
15:55 Gold Mining
15:56 Stone Mining
15:55 Horse Collar
25:13 Castle Age
27:06 Hand Cart
27:08 Bow Saw
27:34 Stone Shaft Mining
27:02 Heavy Plow
27:06 Caravan
31:42 Imperial Age
38:06 Husbandry
38:17 Bloodlines
38:03 Fletching
38:25 Forging
38:21 Scale Barding Armor
38:41 Ballistics
39:02 Crop Rotation
40:24 Conscription
41:57 Chain Barding Armor
43:07 Light Cavalry
45:01 Svan Towers
45:08 Cavalier
46:42 Aznauri Cavalry
46:53 Hussar
49:07 Iron Casting
49:07 Plate Barding Armor
50:59 Blast Furnace
49:56 Bodkin Arrow
50:19 Masonry
50:20 Fortified Wall
51:29 Scale Mail Armor
51:04 Elite Monaspa
52:20 Hoardings
52:06 Pikeman
52:32 Gambesons
52:48 Squires
52:34 Arson
55:06 Chain Mail Armor
54:54 Bracer
54:19 Halberdier
57:07 Plate Mail Armor
60:03 Chemistry
59:17 Careening
59:07 Murder Holes
60:27 Man-at-Arms
63:30 Long Swordsman
78:57 Two-Handed Swordsman
98:19 Champion
104:38 Siege Engineers
105:06 Architecture
104:17 Treadmill Crane
Evan Mason
3:12 Loom
11:07 Feudal Age
11:34 Horse Collar
18:47 Castle Age
18:57 Double-Bit Axe
23:05 Heavy Plow
26:23 Forging
27:59 Wheelbarrow
27:05 Pikeman
33:07 Hand Cart
32:38 Town Watch
33:47 Iron Casting
33:03 Fletching
34:26 Bow Saw
38:44 Imperial Age
Elite Savage
General Shane
2:08 Loom
11:28 Feudal Age
12:19 Double-Bit Axe
12:42 Horse Collar
16:13 Gold Mining
16:29 Fletching
19:38 Castle Age
20:34 Bow Saw
20:49 Heavy Plow
21:15 Stone Mining
22:40 Town Watch
25:44 Bodkin Arrow
27:14 Padded Archer Armor
35:37 Imperial Age
34:40 Forging
34:38 Scale Barding Armor
34:45 Caravan
37:53 Husbandry
38:15 Bloodlines
37:29 Cavalier
39:17 Chemistry
38:37 Ballistics
40:12 Iron Casting
43:06 Theocracy
47:52 Redemption
48:14 Block Printing
48:27 Illumination
48:26 Block Printing
48:24 Fervor
55:44 Blast Furnace
55:05 Chain Barding Armor
55:21 Onager
55:33 Paladin
66:52 Supremacy
68:04 Conscription
69:53 Thumb Ring
69:22 Heavy Mounted Crossbowman
72:29 Leather Archer Armor
72:30 Bracer
81:15 Herbal Medicine
81:58 Heresy
82:45 Inquisition
85:01 Ring Archer Armor
109:00 Light Cavalry
111:17 Hussar
118:53 Guilds
136:13 Plate Barding Armor
Connection lost

Rejoining the realm…

Still unreachable

The connection could not be restored.

Session expired

The server has moved on; the page needs a fresh start.